 Dungeon Crawl Stone Soup version 0.25-b1-37-g2669288c55 (webtiles) character file.

Game seed: 3756028637193640064

21754 grindst0ne the Demonic Cataclysm (level 12, -3/79 HPs)
             Began as a Demonspawn Gladiator on June 4, 2020.
             Was a High Priest of Qazlal.
             Killed from afar by a raiju (4 damage)
             ... with a living lightning
             ... on level 2 of the Abyss.
             The game lasted 00:28:07 (14624 turns).

grindst0ne the Demonic Cataclysm (DsGl)            Turns: 14624, Time: 00:28:08

Health: -3/79      AC: 17    Str: 24    XL:     12   Next: 57%
Magic:  0/24       EV: 10    Int:  6    God:    Qazlal [*****.]
Gold:   645        SH: 12    Dex: 16    Spells: 11/11 levels left

rFire    + . .     SeeInvis .   q - +4 war axe (elec)
rCold    . . .     Gourm    .   b - +0 buckler
rNeg     . . .     Faith    .   w - +3 chain mail {rPois}
rPois    +         Spirit   +   (helmet restricted)
rElec    +         Reflect  .   D - +2 cloak
rCorr    .         Harm     .   (no gloves)
MR       .....     Rnd*Rage +   (no boots)
Stlth    ..........             d - amulet of magic regeneration
HPRegen  0.23/turn              n - +6 ring of strength
MPRegen  0.63/turn              z - ring of poison resistance

@: protected from electricity, repel missiles
A: horns 2, thin skeletal structure 1, [berserk 2], [clumsy 1], [deterioration
1], [dopey 2], fire resistance 1, [frail 2], magic shield, magic regeneration,
[subdued magic 1]
a: Upheaval, Elemental Force, Disaster Area, Renounce Religion


You were on level 2 of the Abyss.
You worshipped Qazlal.
Qazlal was extremely pleased with you.
You were not hungry.

You visited 2 branches of the dungeon, and saw 13 of its levels.
You visited the Abyss 2 times.

You collected 720 gold pieces.
You spent 75 gold pieces at shops.

Inventory:

Hand Weapons
 q - a +4 war axe of electrocution (weapon)
Missiles
 y - 8 atropa-tipped darts (quivered)
Armour
 b - a +0 buckler (worn)
 w - a +3 chain mail of poison resistance (worn)
 D - a +2 cloak (worn)
Jewellery
 d - an amulet of magic regeneration (around neck)
 g - the ring "Xicoxyfo" {Ice +Inv Int+2}
   (You found it on level 8 of the Dungeon)

   [ring of ice]

   It enhances your ice magic.
   It affects your intelligence (+2).
   It makes you vulnerable to fire.
   It protects you from cold.
   It lets you turn invisible.
 n - a +6 ring of strength (left hand)
 z - a ring of poison resistance (right hand)
 F - an uncursed ring of protection from magic
Wands
 c - a wand of random effects (35)
 k - a wand of flame (26)
 G - a wand of polymorph (8)
 H - a wand of clouds (12)
Scrolls
 h - 13 scrolls of remove curse
 i - 2 scrolls of immolation {unknown}
 j - 2 scrolls of amnesia {unknown}
 p - 6 scrolls of magic mapping
 s - a scroll of fog
 u - 3 scrolls of teleportation
 v - 2 scrolls of enchant armour
 x - a scroll of fear {unknown}
 A - a scroll of torment
 C - 3 scrolls of silence {unknown}
Potions
 e - 3 potions of lignification
 l - a potion of curing
 m - a potion of haste
 o - 2 potions of invisibility
 t - a potion of might
 B - 2 potions of flight {unknown}
 E - a potion of magic {unknown}
Comestibles
 a - 12 chunks of flesh
 f - 23 rations


   Skills:
 + Level 10.7 Fighting
 + Level 7.9 Axes
 - Level 1.7 Throwing
 + Level 7.3 Armour
 - Level 2.6 Dodging
 - Level 4.0 Shields
 * Level 16.8 Invocations


You had 11 spell levels left.
You didn't know any spells.
Your spell library contained the following spells:

 Spells                   Type           Power        Failure   Level  Hunger
 Summon Small Mammal      Summ           #...         96%         1    ##.....
 Call Imp                 Summ           #.......     99%         2    ###....
 Poisonous Vapours        Pois/Air       #.....       99%         2    ###....
 Call Canine Familiar     Summ           #.......     100%        3    ####...
 Conjure Flame            Conj/Fire      #.......     100%        3    ####...
 Mephitic Cloud           Conj/Pois/Air  #.......     100%        3    ####...
 Summon Guardian Golem    Hex/Summ       #.......     100%        3    ####...
 Cause Fear               Hex            #.........   100%        4    #####..
 Summon Ice Beast         Ice/Summ       #.......     100%        4    #####..
 Summon Lightning Spire   Summ/Air       #.......     100%        4    #####..
 Silence                  Hex/Air        #.........   100%        5    ######.
 Yara's Violent Unravell  Hex/Tmut       #.........   100%        5    ######.
 Freezing Cloud           Conj/Ice/Air   #.........   100%        6    #######
 Ring of Flames           Chrm/Fire      #.........   100%        7    #######
 Discord                  Hex            #.........   100%        8    #######


Dungeon Overview and Level Annotations

Branches:
Dungeon (10/15)            Temple (0/1) D:7            Lair (3/6) D:8
 Shoals (0/4) Lair:2
  Snake: Lair:2-4    Spider: Lair:2-4       Orc: D:9-12

Altars:
Elyvilon
Fedhas
Gozag
Hepliaklqana
Kikubaaqudgha
Makhleb
Qazlal
Trog
Uskayaw
Beogh

Shops:
D:10 *=*(

Annotations:
D:3 exclusion: downstairs
D:7 2 transporters
D:10 2 transporters, Lobotomite's ghost, journeyman DDFi
Lair:3 Sonja


Innate Abilities, Weirdness & Mutations

You have a pair of horns on your head.
You have a somewhat thin skeletal structure. (Dex +2, Stealth)
Your flesh is heat resistant. (rF+)
When hurt, damage is shared between your health and your magic reserves.
You regenerate magic rapidly.
[You often lose your temper in combat.]
[You are clumsy. (Dex -2)]
[Your body sometimes deteriorates upon taking damage.]
[You are very dopey. (Int -4)]
[You are very frail. (-20% HP)]
[Your spells are a little easier to cast, but a little less powerful.]


Message History

* * * LOW HITPOINT WARNING * * *
The raiju blinks!
The raiju bursts into living lightning!
The living lightning hits the raiju.
The raiju completely resists.
The living lightning misses you. The living lightning hits you. You resist.
You feel more protected from electricity.
The living lightning hits the raiju.
The raiju completely resists.
The raiju blinks! x3
You recover from your berserk rage.
The raiju is engulfed in freezing vapours.
The raiju bursts into living lightning!
The living lightning hits the raiju.
The raiju completely resists.
The living lightning hits you. You resist.
You feel more protected from electricity.
* * * LOW HITPOINT WARNING * * *
The raiju blinks!
You block the raiju's attack.
You hear a bark!
The raiju bursts into living lightning!
The living lightning hits you. You resist.
You die...

#...................#
.....................
#....................
....................#
..#.........○.#...#
##[.#.#.#.#○#h.###.
..###.#.#hh.§#.
.#....##..###..#
..##.h.@# #.#
.#......§.# .#
#......○☼.# .
#....h##...# ##
.#..## ..... ...#
#.#... #.# ....## #.
...##


You could see 4 raiju.

Vanquished Creatures
  A tentacled starspawn (Abyss:2)
  A hydra (Lair:2)
  A sixfirhy (Abyss:2)
  A wretched star (Abyss:2)
  A glowing orange brain (Abyss:2)
  Pikel (D:3)
  The ghost of vogonpoet the Covert, a novice SpEn of Ashenzari (D:8)
  A worldbinder (Abyss:2)
  A black mamba (Lair:2)
  2 smoke demons (Abyss:2)
  Joseph (D:10)
  2 spiny frogs
  2 rime drakes
  3 komodo dragons
  An ancient zyme (Abyss:2)
  A troll (D:10)
  The ghost of Vidiiot the Chopper, an amateur DDFi of Uskayaw (D:4)
  A snapping turtle (Lair:2)
  5 blink frogs (Lair:2)
  Prince Ribbit (D:6)
  5 hippogriffs
  21 yaks
  2 wyverns
  A ynoxinul (Abyss:2)
  A wraith (D:10)
  A basilisk (Lair:2)
  Eustachio (D:6)
  A hungry ghost (D:9)
  Edmund (D:5)
  A chaos spawn (Abyss:2)
  A naga (Lair:3)
  6 water moccasins
  A small abomination (Abyss:2)
  2 orc warriors
  2 porcupines
  3 ice beasts
  8 ogres
  An eye of draining (Abyss:2)
  A phantom (D:6)
  5 wolves (Lair:1)
  A necrophage (D:8)
  2 centaurs
  7 crocodiles
  12 bullfrogs
  A water moccasin zombie (D:8)
  2 scorpions (D:10)
  12 killer bees (D:9)
  A water moccasin skeleton (D:4)
  A howler monkey (D:9)
  2 electric eels (Lair:2)
  3 crimson imps
  A jelly (D:6)
  A bullfrog zombie (D:8)
  A centaur zombie (D:3)
  A quasit (D:10)
  An iron imp (Abyss:2)
  2 orc priests
  6 hounds
  9 orc wizards
  2 iguanas
  12 worker ants
  2 hound zombies
  A spectral worker ant (D:8)
  A hound skeleton (D:8)
  13 adders
  3 gnolls (D:7)
  4 shadow imps
  2 worms
  3 adder skeletons
  An adder zombie (D:5)
  A dart slug (D:2)
  6 leopard geckos
  32 orcs
  5 bats
  8 giant cockroaches
  11 hobgoblins
  11 jackals
  3 quokkas
  A ball python (D:2)
  5 frilled lizards
  5 goblins
  2 jackal skeletons
  10 kobolds
  A leopard gecko zombie (D:6)
  A quokka skeleton (D:9)
  4 rats
  A fungus (Lair:1)
  A plant (D:8)
  2 starspawn tentacles (Abyss:2)
314 creatures vanquished.

Vanquished Creatures (others)
  A small abomination (Abyss:2)
  A rat (D:4)
  4 fungi
  4 plants
  3 starspawn tentacles (Abyss:2)
13 creatures vanquished.

Grand Total: 327 creatures vanquished

Notes
Turn   | Place    | Note
-------+----------+-------------------------------------------
     0 | D:1      | grindst0ne the Demonspawn Gladiator began the quest for the
                  | Orb.
     0 | D:1      | Reached XP level 1. HP: 16/16 MP: 1/1
   204 | D:1      | Gained mutation: When hurt, damage is shared between your
                  | health and your magic reserves. [demonic ancestry]
   204 | D:1      | Reached XP level 2. HP: 20/23 MP: 2/2
   886 | D:1      | Reached XP level 3. HP: 29/29 MP: 3/3
   933 | D:2      | Found an ancient bone altar of Kikubaaqudgha.
  1187 | D:2      | Found a stormy altar of Qazlal.
  1199 | D:2      | Became a worshipper of Qazlal Stormbringer
  1365 | D:2      | Found a hazy altar of Hepliaklqana.
  1393 | D:2      | Reached skill level 1 in Invocations
  1393 | D:2      | Gained mutation: You have a somewhat thin skeletal
                  | structure. (Dex +2, Stealth) [demonic ancestry]
  1393 | D:2      | Reached XP level 4. HP: 25/37 MP: 2/4
  1716 | D:2      | Found an opulent altar of Gozag.
  1773 | D:3      | Reached skill level 2 in Invocations
  2113 | D:3      | Reached skill level 3 in Invocations
  2113 | D:3      | Gained mutation: You have a pair of small horns on your
                  | head. [demonic ancestry]
  2113 | D:3      | Reached XP level 5. HP: 24/43 MP: 2/7
  2528 | D:3      | Reached * piety under Qazlal
  2622 | D:3      | Reached skill level 4 in Invocations
  3084 | D:4      | Noticed a slave
  3085 | D:4      | Noticed Pikel
  3085 | D:4      | Noticed a slave
  3085 | D:4      | Noticed a slave
  3085 | D:4      | Noticed a slave
  3208 | D:4      | Noticed an ogre
  3209 | D:4      | Noticed an ogre
  3226 | D:3      | Reached skill level 5 in Fighting
  3226 | D:3      | Reached skill level 5 in Invocations
  3226 | D:3      | Gained mutation: You regenerate magic rapidly. [demonic
                  | ancestry]
  3226 | D:3      | Reached XP level 6. HP: 27/51 MP: 5/9
  3488 | D:4      | Reached skill level 6 in Invocations
  3651 | D:4      | Reached ** piety under Qazlal
  3651 | D:4      | Reached XP level 7. HP: 47/56 MP: 9/12
  3664 | D:4      | Reached skill level 7 in Invocations
  3928 | D:4      | Reached skill level 8 in Invocations
  3994 | D:3      | Killed Pikel
  3994 | D:3      | Reached skill level 9 in Invocations
  3994 | D:3      | Gained mutation: You have a pair of horns on your head.
                  | [demonic ancestry]
  3994 | D:3      | Reached XP level 8. HP: 44/65 MP: 13/15
  4195 | D:4      | Found a runed translucent door.
  4197 | D:4      | Noticed Vidiiot's ghost (amateur DDFi)
  4337 | D:4      | Found a runed translucent door.
  4451 | D:4      | Killed Vidiiot's ghost
  4451 | D:4      | Reached skill level 10 in Invocations
  4675 | D:5      | Entered Level 5 of the Dungeon
  4939 | D:5      | Reached skill level 1 in Armour
  4941 | D:5      | Noticed Edmund
  4961 | D:5      | Killed Edmund
  4961 | D:5      | Reached skill level 11 in Invocations
  5536 | D:5      | Reached XP level 9. HP: 58/72 MP: 13/17
  6261 | D:6      | Noticed Prince Ribbit
  6346 | D:6      | Found a burning altar of Makhleb.
  6351 | D:6      | Killed Prince Ribbit
  6801 | D:6      | Reached *** piety under Qazlal
  6846 | D:6      | Found a white marble altar of Elyvilon.
  7305 | D:7      | Reached skill level 1 in Shields
  7330 | D:7      | Found a transporter.
  7380 | D:7      | Reached skill level 12 in Invocations
  7813 | D:6      | Noticed Eustachio
  7842 | D:6      | Killed Eustachio
  8065 | D:7      | Found a blossoming altar of Fedhas.
  8115 | D:7      | Found a staircase to the Ecumenical Temple.
  8168 | D:7      | Noticed a +0 dagger
  8169 | D:7      | Found a hide-covered altar of Uskayaw.
  8169 | D:7      | Noticed a +0 dagger
  8254 | D:7      | Found a roughly hewn altar of Beogh.
  8341 | D:7      | Found a transporter.
  8689 | D:8      | Found a staircase to the Lair.
  8689 | D:8      | Noticed a komodo dragon
  8699 | D:8      | Killed a komodo dragon
  8850 | D:8      | Found a bloodstained altar of Trog.
  9116 | D:8      | Found a runed translucent gate.
  9116 | D:8      | Found a runed translucent gate.
  9118 | D:8      | Found a runed translucent gate.
  9121 | D:8      | Noticed vogonpoet's ghost (novice SpEn)
  9161 | D:8      | Killed vogonpoet's ghost
  9161 | D:8      | Reached XP level 10. HP: 80/80 MP: 19/19
  9187 | D:8      | Got a vibrating tin ring
  9194 | D:8      | Identified the ring "Xicoxyfo" {Ice +Inv Int+2} (You found
                  | it on level 8 of the Dungeon)
  9268 | D:9      | Reached **** piety under Qazlal
  9332 | D:9      | Noticed a two-headed ogre
 10272 | D:10     | Entered Level 10 of the Dungeon
 10272 | D:10     | Found Xuopryt's General Store.
 10274 | D:10     | Noticed Joseph
 10277 | D:10     | Reached skill level 5 in Axes
 10277 | D:10     | Reached skill level 13 in Invocations
 10311 | D:9      | Paralysed by fainting for 8 turns
 10348 | D:10     | Killed Joseph
 10354 | D:10     | Bought a potion of heal wounds for 75 gold pieces
 10669 | D:10     | Found Uplunesa's Jewellery Boutique.
 10713 | D:10     | Found Sannis's Assorted Antiques.
 10768 | D:10     | Found Dokior's Antique Weapon Emporium.
 10922 | D:10     | Noticed a spectral centaur warrior
 11094 | D:10     | Found a transporter.
 11098 | D:10     | Noticed a skeletal warrior
 11101 | D:10     | Noticed Lobotomite's ghost (journeyman DDFi)
 11102 | D:10     | Noticed a spectral centaur warrior
 11113 | D:10     | Found a transporter.
 11286 | Lair:1   | Entered Level 1 of the Lair of Beasts
 11348 | Lair:1   | Reached skill level 14 in Invocations
 11373 | Lair:1   | Reached skill level 5 in Armour
 11373 | Lair:1   | Reached XP level 11. HP: 42/89 MP: 5/21
 11427 | Lair:1   | Reached ***** piety under Qazlal
 12561 | Lair:2   | Reached skill level 15 in Invocations
 12927 | Lair:2   | Noticed a five-headed hydra
 12950 | Lair:2   | Killed a five-headed hydra
 13285 | Lair:2   | Reached skill level 10 in Fighting
 13726 | Lair:2   | Found a staircase to the Shoals.
 13752 | Lair:2   | Gained mutation: Your flesh is heat resistant. (rF+)
                  | [demonic ancestry]
 13752 | Lair:2   | Reached XP level 12. HP: 35/97 MP: 16/23
 14113 | Lair:3   | Noticed Sonja
 14147 | Lair:3   | Cast into level 2 of the Abyss (Sonja)
 14147 | Abyss:2  | Found a corrupted altar of Lugonu.
 14201 | Abyss:2  | Noticed an eidolon
 14303 | Abyss:2  | Reached skill level 16 in Invocations
 14394 | Abyss:2  | Noticed a tentacled starspawn
 14401 | Abyss:2  | Killed a tentacled starspawn
 14527 | Abyss:2  | Noticed a tentacled starspawn
 14544 | Lair:3   | Escaped the Abyss
 14606 | Lair:3   | Cast into level 2 of the Abyss (Sonja)
 14618 | Abyss:2  | HP: 2/79 [raiju/living lightning (4)]
 14623 | Abyss:2  | HP: 1/79 [raiju/living lightning (1)]
 14624 | Abyss:2  | Killed from afar by a raiju

Illustrated notes

Levels and vault maps discovered:
D:1:      dpeg_arrival_tiny_a, layout_rooms, serial_curves, eino_curves_04,
          eino_curves_03, minmay_heptomino_d4
D:2:      layout_loops_ring, nicolae_overflow_quartered_altars
D:3:      layout_loops_ring, first_ration
D:4:      layout_rooms, ebering_ghost_sewer_f, uniq_pikel
D:5:      layout_layer_cave, uniq_edmund
D:6:      layout_basic, bloody_makhleb, elyvilon_altar_3, uniq_prince_ribbit1,
          uniq_eustachio
D:7:      gammafunk_beogh_shrine, layout_rooms, fedhas_bush_and_centaur_altar,
          dancing_weapons_uskayaw, minmay_temple_entry_glassed_door
D:8:      layout_basic, bloody_trog, david_lair_shrubbed,
          gammafunk_ghost_necromancy
D:9:      layout_rooms
D:10:     layout_long_grid, serial_shops, nicolae_shop_overgrown_old_shop,
          shop_fountains, shop, shop, gammafunk_ghost_mausoleum, uniq_joseph
Lair:1:   layout_regular_city, beast_lair_carwin_7
Lair:2:   layout_hall_layers, minmay_shoals_entry_hut,
          chequers_serial_rivers_micro_d, serial_bayou_shore_b,
          grunt_megastairs_3, serial_bayou_shore_a
Lair:3:   layout_long_grid, minmay_snake_entry_guardpost_small, uniq_sonja
Abyss:2:  base: D:8, base: D:12, grunt_abyss_exit_deep_breaths

Skill      XL: |  1  2  3  4  5  6  7  8  9 10 11 12 |
---------------+-------------------------------------+-----
Fighting       | 3 4 5 6 7 8 9 10 | 10.7
Invocations    | 1 3 5 6 9 11 12 14 15 16 | 16.8
Axes           | 3 4 5 7 |  7.9
Armour         | 1 3 5 6 7 |  7.3
Shields        | 3 4 |  4.0
Throwing       | |  1.7
Dodging        | |  2.6

Action                   |  1- 3 |  4- 6 |  7- 9 | 10-12 || total
-------------------------+-------+-------+-------+-------++-------
Melee: War axe           |    99 |   143 |   286 |   416 ||   944
       Headbutt          |       |    29 |    72 |   121 ||   222
Throw: Throwing net      |       |       |     7 |       ||     7
       Dart              |       |       |     5 |     4 ||     9
Evoke: Wand              |       |       |     3 |     5 ||     8
  Use: Scroll            |       |       |     7 |     6 ||    13
       Potion            |       |       |       |    15 ||    15
 Stab: Held in net/web   |       |       |     1 |       ||     1
       Invisible         |       |       |       |     5 ||     5
  Eat: Chunk             |     2 |     7 |    14 |    14 ||    37
       Ration            |       |       |     1 |     2 ||     3
Armor: Leather armour    |    27 |    12 |       |       ||    39
       Scale mail        |       |    23 |    12 |       ||    35
       Chain mail        |       |       |   163 |   290 ||   453
Dodge: Dodged            |    76 |   105 |   149 |   236 ||   566
       Repelled          |       |       |       |     9 ||     9
Block: Other             |       |     7 |    55 |     3 ||    65
       Buckler           |       |       |       |   381 ||   381
